 Dungeon Crawl Stone Soup version 0.22-a0-412-g2b68d14 (webtiles) character file.

953 Borgoz the Chopper (level 8, -2/70 HPs)
             Began as a Hill Orc Abyssal Knight on May 12, 2018.
             Was a Priest of Lugonu.
             Splashed by a jelly's acid (6 damage)
             ... on level 5 of the Dungeon.
             The game lasted 00:10:50 (4311 turns).

Borgoz the Chopper (Hill Orc Abyssal Knight)        Turns: 4311, Time: 00:10:50

Health: -2/70      AC: -16   Str: 15    XL:     8   Next: 14%
Magic:  11/11      EV: 12    Int: 12    God:    Lugonu [***...]
Gold:   296        SH:  0    Dex: 12    Spells: 7/7 levels left

rFire    . . .     SeeInvis .   a - +1 hand axe
rCold    + . .     Gourm    .   (no shield)
rNeg     . . .     Faith    .   b - +0 leather armour
rPois    +         Spirit   .   v - +0 hat
rElec    .         Reflect  .   m - scarf {cloud immunity}
rCorr    .         Harm     .   (no gloves)
MR       .....                  (no boots)
Stlth    +.........             j - amulet of rage
HPRegen  0.21/turn              k - ring of poison resistance
MPRegen  0.12/turn              h - ring of protection from cold

@: corroded
A: no striking features
a: Depart the Abyss, Bend Space, Banish, Renounce Religion, Evoke Berserk Rage


You were on level 5 of the Dungeon.
You worshipped Lugonu.
Lugonu was most pleased with you.
You were not hungry.

You visited 2 branches of the dungeon, and saw 6 of its levels.
You visited the Abyss 1 time.

You collected 296 gold pieces.

Inventory:

Hand Weapons
 a - a +1 hand axe (weapon)
Armour
 b - a +0 leather armour (worn)
 g - a +1 helmet
 m - a scarf of cloud immunity (worn)
 v - a +0 hat (worn)
Jewellery
 h - a ring of protection from cold (right hand)
 j - an amulet of rage (around neck)
 k - a ring of poison resistance (left hand)
 u - an uncursed ring of ice
Scrolls
 d - 2 scrolls of fear {unknown}
 e - 2 scrolls of remove curse {unknown}
 i - 3 scrolls of teleportation {unknown}
 l - a scroll of immolation {unknown}
 n - 6 scrolls of identify {unknown}
 o - a scroll of magic mapping {unknown}
 q - 2 scrolls of fog {unknown}
 r - 2 scrolls of enchant weapon {unknown}
Potions
 f - a potion of heal wounds {unknown}
 p - 4 potions of curing {unknown}
 s - 2 potions of degeneration {unknown}
 t - a potion of brilliance {unknown}
 w - 2 potions of lignification {unknown}
 x - a potion of flight {unknown}
Comestibles
 c - 6 rations


   Skills:
 + Level 5.8 Fighting
 * Level 7.1 Axes
 + Level 4.1 Armour
 + Level 2.7 Dodging
 + Level 4.9 Invocations
 + Level 2.6 Evocations


You had 7 spell levels left.
You didn't know any spells.
Your spell library was empty.

Dungeon Overview and Level Annotations

Branches:
Dungeon (5/15)             Temple (1/1) D:4

Altars:
Ashenzari
Cheibriados
Dithmenos
Elyvilon
Fedhas
Gozag
Hepliaklqana
Kikubaaqudgha
Makhleb
Nemelex Xobeh
Okawaru
Qazlal
Ru
Sif Muna
Trog
Uskayaw
Vehumet
Wu Jian
Xom
Yredelemnul
Zin
The Shining One


Message History

The jelly misses you.
You hit the jelly but do no damage.
Your hands burn!
The jelly is lightly wounded.
The jelly misses you.
You completely miss the jelly.
The jelly is lightly wounded.
The jelly hits you.
You are splashed with acid!
The acid burns!
* * * LOW HITPOINT WARNING * * *
Unknown command.
There is an open door, spattered with blood here.
There is a stone staircase leading up here.
The jelly closely misses you. The jelly hits you.
* * * LOW HITPOINT WARNING * * *
The acid corrodes you!
You are splashed with acid!
The acid burns!
* * * LOW HITPOINT WARNING * * *
The jelly hits you.
* * * LOW HITPOINT WARNING * * *
The acid corrodes you!
You are splashed with acid!
The acid burns!
You die...

..........#
#.###.....####.
...............#
..#####.#######.
#.# #.# ##'##
##...##
##..<@.##
##....J..##
#.........#
+.........+
#.........#
##.......##
##.....##
##...## ##+##


You could see a jelly.

Vanquished Creatures
  The ghost of Dargar the Ruffian, an amateur DrTm (D:3)
  An ice beast (D:5)
  A phantom (D:4)
  An ogre (D:4)
  A scorpion (D:4)
  A crimson imp (D:4)
  3 orc priests (D:3)
  3 orc wizards (D:4)
  Natasha (thrice) (D:2)
  3 worker ants
  A howler monkey zombie (D:4)
  5 adders
  An ooze (D:2)
  3 worms
  2 dart slugs (D:2)
  4 leopard geckos
  8 orcs
  4 ball pythons
  3 giant cockroaches
  10 goblins
  10 hobgoblins
  8 jackals
  12 kobolds
  2 quokkas
  3 bats
  5 frilled lizards
  5 rats
104 creatures vanquished.

Notes
Turn   | Place    | Note
-------+----------+-------------------------------------------
     0 | Abyss:1  | Borgoz the Hill Orc Abyssal Knight began the quest for the Orb.
     0 | Abyss:1  | Reached XP level 1. HP: 19/19 MP: 2/2
    27 | Abyss:2  | Noticed a large abomination
    35 | Abyss:3  | Found a corrupted altar of Lugonu.
    53 | Abyss:3  | Found a corrupted altar of Lugonu.
    56 | Abyss:3  | Noticed an ancient zyme
    61 | D:1      | Escaped the Abyss
   187 | D:1      | Reached skill level 3 in Axes
   187 | D:1      | Reached XP level 2. HP: 21/27 MP: 3/3
   254 | D:1      | Reached * piety under Lugonu
   566 | D:1      | Reached XP level 3. HP: 33/33 MP: 5/5
   752 | D:2      | Reached skill level 1 in Dodging
   771 | D:2      | Noticed Natasha
   778 | D:2      | Killed Natasha
   782 | D:2      | Reached XP level 4. HP: 36/41 MP: 6/6
   785 | D:2      | Noticed Natasha
   798 | D:2      | Killed Natasha
   798 | D:2      | Reached skill level 4 in Axes
   972 | D:2      | Found a burning altar of Makhleb.
   973 | D:2      | Found a stormy altar of Qazlal.
   974 | D:2      | Found a transporter.
   987 | D:2      | Found a transporter.
   992 | D:2      | Noticed Natasha
  1009 | D:2      | Killed Natasha
  1009 | D:2      | Reached XP level 5. HP: 12/47 MP: 7/7
  1403 | D:2      | Reached ** piety under Lugonu
  2240 | D:3      | Noticed Dargar's ghost (amateur DrTm)
  2247 | D:3      | Reached skill level 5 in Axes
  2250 | D:3      | Reached skill level 1 in Evocations
  2250 | D:3      | Reached XP level 6. HP: 46/55 MP: 8/8
  2253 | D:3      | Reached skill level 5 in Fighting
  2259 | D:3      | Killed Dargar's ghost
  2846 | D:4      | Reached XP level 7. HP: 61/61 MP: 10/10
  2974 | D:4      | Reached skill level 6 in Axes
  3170 | D:4      | Reached *** piety under Lugonu
  3401 | D:4      | Found a white marble altar of Elyvilon.
  3560 | D:4      | Found a snail-covered altar of Cheibriados.
  3615 | D:4      | Found a staircase to the Ecumenical Temple.
  3864 | D:4      | Reached XP level 8. HP: 70/70 MP: 11/11
  3945 | Temple   | Entered the Ecumenical Temple
  4065 | D:5      | Entered Level 5 of the Dungeon
  4099 | D:5      | Reached skill level 7 in Axes
  4311 | D:5      | Splashed by a jelly's acid

Vault maps used:
D:1:      minmay_arrival_shattered_statue
D:2:      kennysheep_six_static_rooms, gammafunk_temple_overflow_arena,
          uniq_natasha
D:3:      first_ration
D:4:      minitemple, minmay_temple_entry_enclosed_plants
Temple:   regret_index_temple_mists
Abyss:3:  evilmike_abyss_rune_tso_outpost

Skill      XL: |  1  2  3  4  5  6  7  8 |
---------------+-------------------------+-----
Fighting       | 4 5 |  5.8
Axes           | 3 4 5 6 7 |  7.1
Dodging        | 1 2 |  2.7
Invocations    | 3 4 |  4.9
Armour         | 3 4 |  4.1
Evocations     | 1 2 |  2.6

Action                   |  1- 3 |  4- 6 |  7- 9 || total
-------------------------+-------+-------+-------++-------
Melee: Hand axe          |    82 |   170 |   197 ||   449
Invok: Depart the Abyss  |     1 |       |       ||     1
 Abil: Evoke Berserk Rag |       |     1 |       ||     1
  Eat: Chunk             |       |     7 |     5 ||    12
Armor: Leather armour    |    25 |    68 |    35 ||   128
Dodge: Dodged            |    58 |   139 |   105 ||   302

Table legend:
 A = Spawn XP
 B = Non-spawn XP
 C = Spawn XP percentage of total XP
 D = Spawn monster count
 E = Non-spawn monster count
 F = Spawn count percentage of total count
 G = Total turns spent on level
                    A         B        C        D         E        F      G
               +---------+---------+-------+---------+---------+-------+---------
         Total |       0 |    1362 |   0.0 |       0 |     104 |   0.0 |  4311
               +---------+---------+-------+---------+---------+-------+---------
           D:1 |       0 |      36 |   0.0 |       0 |      23 |   0.0 |   658
           D:2 |       0 |     220 |   0.0 |       0 |      34 |   0.0 |  1448
           D:3 |       0 |     359 |   0.0 |       0 |      23 |   0.0 |   674
           D:4 |       0 |     605 |   0.0 |       0 |      23 |   0.0 |  1119
           D:5 |       0 |     142 |   0.0 |       0 |       1 |   0.0 |   246
               +---------+---------+-------+---------+---------+-------+---------
